 Dungeon Crawl Stone Soup version 0.30-a0-939-gc8157cb160 (webtiles) character file.

Game seed: 5743569597928913729

37 Jeffwins the Firebug (level 3, -3/24 HPs)
             Began as a Human Wanderer on Mar 26, 2023.
             Slain by a worm (8 damage)
             ... on level 2 of the Dungeon.
             The game lasted 00:02:02 (1584 turns).

Jeffwins the Firebug (Human Wanderer)               Turns: 1584, Time: 00:02:03

Health: -3/24      AC:  3    Str: 20    XL:     3   Next: 62%
Magic:  1/6        EV: 11    Int: 14    God:
Gold:   71         SH:  0    Dex: 10    Spells: 6/7 levels left

rFire   . . .      SeeInvis .    e - staff of poison
rCold   . . .      Faith    .    (no shield)
rNeg    . . .      Spirit   .    a - +0 leather armour
rPois   +          Reflect  .    (no helmet)
rElec   .          Rampage  .    (no cloak)
rCorr   .                        (no gloves)
Will    .....                    (no boots)
Stlth   +                        (no amulet)
HPRegen 0.24/turn                S - +6 ring of strength
MPRegen 0.10/turn                (no ring)

@: no status effects
A: no striking features
a: no special abilities


You were on level 2 of the Dungeon.
You visited 1 branch of the dungeon, and saw 2 of its levels.

You collected 71 gold pieces.


   Skills:
 - Level 1.0 Throwing
 - Level 1.0 Armour
 + Level 1.4 Stealth
 * Level 2.5 Spellcasting
 * Level 1.2 Conjurations
 - Level 1.0 Translocations
 * Level 3.4 Fire Magic
 - Level 1.0 Evocations


You had 6 spell levels left.
You knew the following spells:

 Your Spells              Type           Power      Damage    Failure   Level
z - Foxfire               Conj/Fire      32%        2x1d5     11%         1

Your spell library contained the following spells:

 Spells                   Type           Power      Damage    Failure   Level
 Apportation              Tloc           8%         N/A       19%         1
 Inner Flame              Hex/Fire       6%         N/A       36%         3
 Gell's Gravitas          Tloc           4%         N/A       47%         3
 Flame Wave               Conj/Fire      8%         2d5       71%         4

Inventory:

Armour
 a - a +0 leather armour (worn)
Magical Staves
 e - a staff of poison (weapon)
Jewellery
 S - a +6 ring of strength (left hand)
Scrolls
 b - 2 scrolls of fear
 d - 2 scrolls of identify {unknown}
Potions
 f - a potion of cancellation {unknown}

Dungeon Overview and Level Annotations

Branches:
Dungeon (2/15)

Altars:
Ashenzari

..#.##### ........# ?.
........# ##. .......[# #..
........######## ..
........##.....# .#
........+......#####.######
........##..⚑...##.........
.#######....†...@w........(
. #...........##........ .
#.......###.##........
#.......# #.##........
#.......# #.#♣.♣♣.....
#.......# #.♣♣.♣ .....
#.......# #.♣♣P. ....
#.......# #.♣♣♣. ###
#.......# #.♣ ♣


You could see a worm.


Message History

The adder is heavily wounded.
The foxfire hits the adder.
The adder is severely wounded.
The foxfire hits the adder.
The adder is almost dead.
The adder closely misses you. The adder bites you but does no damage.
You hit the adder but do no damage.
The adder is almost dead.
The adder barely misses you.
Your magical contamination has completely faded away.
You completely miss the adder.
The adder is almost dead.
The adder bites you.
* * * LOW HITPOINT WARNING * * *
The adder bites you but does no damage.
You barely miss the adder.
The adder is almost dead.
The adder closely misses you.
You hit the adder.
You kill the adder!
You hit the worm.
The worm is moderately wounded.
You hit the worm.
The worm is severely wounded.
The worm bites you!
* * * LOW HITPOINT WARNING * * *
You barely miss the worm.
The worm is heavily wounded.
The worm bites you!
You die...

Skill      XL: |  1  2 |
---------------+-------+-----
Conjurations   | 1 |  1.2
Throwing       | |  1.0
Armour         | |  1.0
Stealth        | |  1.4
Spellcasting   | |  2.5
Translocations | |  1.0
Fire Magic     | |  3.4
Evocations     | |  1.0

Action                     || total
---------------------------++-------
  Melee: Club              ||    25
         Staff             ||    10
   Cast: Foxfire           ||    55
 Armour: Ring mail         ||    13
         Leather armour    ||     7
  Dodge: Dodged            ||    30

Levels and vault maps discovered:
D:1:      dpeg_arrival_chambers_temple_mockup, layout_basic,
          serial_corexii_hall, corexii_hall_statues_t, corexii_hall_statues_l,
          chequers_hall_statues_wall_a, minmay_tripent
D:2:      layout_basic, serial_shops, nicolae_shop_trees, serial_forest,
          infiniplex_forest_diagonal, infiniplex_forest_zigzag_1,
          infiniplex_forest_lined_room_3, infiniplex_forest_straight_2,
          infiniplex_forest_clump_double, infiniplex_forest_lined_1,
          basic_altar, grunt_ministairs_6

Notes
Turn   | Place    | Note
-------+----------+-------------------------------------------
     0 | D:1      | Jeffwins the Human Wanderer began the quest for the Orb.
     0 | D:1      | Jeffwins set off with the following items: a +0 club, a
                  | scroll of fear, a +0 ring mail; and the following spells
                  | available to memorise: Foxfire, Apportation, Inner Flame,
                  | Gell's Gravitas, Flame Wave.
     0 | D:1      | Reached XP level 1. HP: 13/13 MP: 3/3
     2 | D:1      | Learned a level 1 spell: Foxfire
   406 | D:1      | Reached XP level 2. HP: 19/19 MP: 5/5
   911 | D:1      | Reached skill level 1 in Conjurations
   911 | D:1      | Reached XP level 3. HP: 24/24 MP: 0/6
  1519 | D:2      | Found a broken altar of Ashenzari.
  1584 | D:2      | Slain by a worm

Vanquished Creatures
  An adder (D:2)
  A dart slug (D:1)
  4 bats (D:1)
  3 endoplasms (D:1)
  A giant cockroach (D:1)
  3 goblins (D:1)
  2 hobgoblins
  2 jackals (D:2)
  5 ball pythons
  A frilled lizard (D:2)
  A kobold (D:1)
24 creatures vanquished.

Vanquished Creatures (others)
  100 foxfires
100 creatures vanquished.

Grand Total: 124 creatures vanquished

Table legend: (Time is in decaauts)
 A = Elapsed time spent in this place.
 B = Non-inter-level travel time spent in this place.
 C = Inter-level travel time spent in this place.
 D = Time resting spent in this place.
 E = Time spent auto-exploring this place.
 F = Levels seen in this place.
 G = Mean time per level.
                   A        B        C        D        E       F      G
               +--------+--------+--------+--------+--------+-----+--------+
         Total |   1591 |   1551 |     40 |     40 |   1299 |   2 |  795.5 |
       Dungeon |   1591 |   1551 |     40 |     40 |   1299 |   2 |  795.5 |
               +--------+--------+--------+--------+--------+-----+--------+

Top non-repeatable levels by time:
     D:1: 1352 daAuts
     D:2: 238 daAuts

Table legend:
 A = Non-vault XP
 B = Vault XP
 C = Vault XP percentage of total XP
 D = Non-vault monster count
 E = Vault monster count
 F = Vault count percentage of total count
                 A         B        C        D         E       F
            +---------+---------+-------+---------+---------+-------
      Total |      52 |       2 |   3.7 |      22 |       2 |   8.3
            +---------+---------+-------+---------+---------+-------
        D:1 |      30 |       2 |   6.2 |      16 |       2 |  11.1
        D:2 |      22 |       0 |   0.0 |       6 |       0 |   0.0
            +---------+---------+-------+---------+---------+-------
